IL
PAWTUCKET RED SOX @ OKLAHOMA CITY DODGERS
11/04/2046
 
TOP OF THE 1ST
Pawtucket Red Sox batting - Pitching for Oklahoma City Dodgers : RHP Juan Hurtado
Pitching: RHP Juan Hurtado
Batting: LHB Tim Fuller 0-0: Ball
1-0: Ball
2-0: Called Strike
2-1: Foul Ball, location: 2F
2-2: Ball
3-2: Base on Balls
Batting: RHB Dan Friess 0-0: Foul Ball, location: 2F
0-1: Called Strike
0-2: Strikes out swinging
Batting: LHB Brian Gray 0-0: Ball
1-0: Called Strike
1-1: Ball
2-1: Swinging Strike
2-2: Foul Ball, location: 2F
2-2: Strikes out swinging
Batting: LHB Jarrett Mordecai 0-0: Ball
Tim Fuller is caught stealing 2nd base 2-6
Top of the 1st over - 0 runs, 0 hits, 0 errors, 0 left on base; Pawtucket 0 - Oklahoma City 0
BOTTOM OF THE 1ST
Oklahoma City Dodgers batting - Pitching for Pawtucket Red Sox : RHP Adam Thomas
Pitching: RHP Adam Thomas
Batting: RHB Sam Saunders 0-0: Swinging Strike
0-1: Ball
1-1: Ball
2-1: Swinging Strike
2-2: Foul Ball, location: 2F
2-2: Foul Ball, location: 2F
2-2: Strikes out swinging
Batting: RHB Curt Earnest 0-0: Foul Ball, location: 2F
0-1: Ball
1-1: Foul Ball, location: 2F
1-2: Strikes out swinging
Batting: SHB Shane Marcum 0-0: Called Strike
0-1: Ball
1-1: Ball
2-1: Foul Ball, location: 2F
2-2: Strikes out swinging
Bottom of the 1st over - 0 runs, 0 hits, 0 errors, 0 left on base; Pawtucket 0 - Oklahoma City 0
TOP OF THE 2ND
Pawtucket Red Sox batting - Pitching for Oklahoma City Dodgers : RHP Juan Hurtado
Batting: LHB Jarrett Mordecai 0-0: Called Strike
0-1: Ball
1-1: Swinging Strike
1-2: Ball
2-2: Foul Ball, location: 2F
2-2: Strikes out swinging
Batting: SHB Willie Koviak 0-0: Called Strike
0-1: Ball
1-1: Fly out, F7 (Flyball, 7, EV 83.8 MPH)
Batting: LHB John Bailey 0-0: Ball
1-0: Called Strike
1-1: Ball
2-1: Called Strike
2-2: Foul Ball, location: 2F
2-2: Strikes out looking
Top of the 2nd over - 0 runs, 0 hits, 0 errors, 0 left on base; Pawtucket 0 - Oklahoma City 0
BOTTOM OF THE 2ND
Oklahoma City Dodgers batting - Pitching for Pawtucket Red Sox : RHP Adam Thomas
Batting: LHB Tommy King 0-0: SINGLE (Line Drive, 9S, EV 106.9 MPH)
Batting: RHB Trevor Mock 0-0: Ball
1-0: Called Strike
Tommy King steals 2nd base (no throw)
1-1: Foul Ball, location: 2F
1-2: Strikes out swinging
Batting: SHB Ken Welch 0-0: Ball
1-0: Called Strike
1-1: Foul Ball, location: 2F
1-2: SINGLE (Groundball, 4D, EV 100.0 MPH)
Tommy King to third
Batting: RHB John Manocchio 0-0: SINGLE (Line Drive, 5D, EV 100.6 MPH)
Tommy King scores
Ken Welch to second
Batting: RHB Jeremy Giesler 0-0: Grounds into double play, 4-6-3 (Groundball, 4, EV 83.8 MPH)
Bottom of the 2nd over - 1 run, 3 hits, 0 errors, 1 left on base; Pawtucket 0 - Oklahoma City 1
TOP OF THE 3RD
Pawtucket Red Sox batting - Pitching for Oklahoma City Dodgers : RHP Juan Hurtado
Batting: SHB Ben Ervin 0-0: Called Strike
0-1: Ball
1-1: Foul Ball, location: 2F
1-2: Strikes out swinging
Batting: RHB Brandon Perris 0-0: Called Strike
0-1: DOUBLE (Line Drive, 78D, EV 108.1 MPH)
Batting: RHB John Chiesa 0-0: Ball
1-0: Ball
2-0: Foul Ball, location: 2F
2-1: Foul Ball, location: 2F
2-2: DOUBLE (Line Drive, 89D, EV 105.6 MPH)
Brandon Perris scores
Batting: LHB Tim Fuller 0-0: Called Strike
0-1: Ball
Wild Pitch!
John Chiesa to third
1-1: Ground out 4-3 (Groundball, 4, EV 86.9 MPH)
Batting: RHB Dan Friess 0-0: Fly out, F8 (Flyball, 8RXD, EV 89.4 MPH)
Top of the 3rd over - 1 run, 2 hits, 0 errors, 1 left on base; Pawtucket 1 - Oklahoma City 1
BOTTOM OF THE 3RD
Oklahoma City Dodgers batting - Pitching for Pawtucket Red Sox : RHP Adam Thomas
Batting: LHB Frank Mullen 0-0: Called Strike
0-1: Ball
1-1: Swinging Strike
1-2: Foul Ball, location: 2F
1-2: Foul Ball, location: 2F
1-2: Strikes out looking
Batting: RHB Sam Saunders 0-0: Called Strike
0-1: Ball
1-1: Swinging Strike
1-2: Strikes out swinging
Batting: RHB Curt Earnest 0-0: Ball
1-0: Swinging Strike
1-1: Ball
2-1: Ball
3-1: Base on Balls
Batting: SHB Shane Marcum 0-0: SINGLE (Line Drive, 5D, EV 96.9 MPH)
Curt Earnest to second
Runner from 2nd tries for 3rd, SAFE, throw by LF made to third
Batting: LHB Tommy King 0-0: Ball
1-0: Called Strike
1-1: Swinging Strike
1-2: DOUBLE (Line Drive, 78D, EV 99.4 MPH)
Curt Earnest scores
Shane Marcum to third
Runner from 3rd tries for Home, SAFE, throw by CF to home
Batting: RHB Trevor Mock 0-0: Ball
1-0: Ball
2-0: Called Strike
2-1: Fly out, F8 (Flyball, 89S, EV 91.2 MPH)
Bottom of the 3rd over - 2 runs, 2 hits, 0 errors, 1 left on base; Pawtucket 1 - Oklahoma City 3
TOP OF THE 4TH
Pawtucket Red Sox batting - Pitching for Oklahoma City Dodgers : RHP Juan Hurtado
Batting: LHB Brian Gray 0-0: Ball
1-0: Ball
2-0: Foul Ball, location: 2F
2-1: Ball
3-1: Base on Balls
Batting: LHB Jarrett Mordecai 0-0: Foul Ball, location: 2F
0-1: Swinging Strike
0-2: Strikes out swinging
Batting: SHB Willie Koviak 0-0: Swinging Strike
0-1: Swinging Strike
Balk!
Brian Gray to second
0-2: Ball
1-2: Strikes out looking
Batting: LHB John Bailey 0-0: Ball
1-0: Ball
2-0: Ball
3-0: Base on Balls
Batting: SHB Ben Ervin 0-0: Ground out 4-3 (Groundball, 4, EV 86.2 MPH)
Top of the 4th over - 0 runs, 0 hits, 0 errors, 2 left on base; Pawtucket 1 - Oklahoma City 3
BOTTOM OF THE 4TH
Oklahoma City Dodgers batting - Pitching for Pawtucket Red Sox : RHP Adam Thomas
Batting: SHB Ken Welch 0-0: Ball
1-0: SINGLE (Groundball, 34S, EV 70.0 MPH) (infield hit)
Batting: RHB John Manocchio 0-0: Called Strike
0-1: Swinging Strike
0-2: Foul Ball, location: 2F
0-2: Foul Ball, location: 2F
0-2: Ball
1-2: Grounds into double play, 6-4-3 (Groundball, 6, EV 78.1 MPH)
Batting: RHB Jeremy Giesler 0-0: Ground out 5-3 (Groundball, 56, EV 85.0 MPH)
Bottom of the 4th over - 0 runs, 1 hit, 0 errors, 0 left on base; Pawtucket 1 - Oklahoma City 3
TOP OF THE 5TH
Pawtucket Red Sox batting - Pitching for Oklahoma City Dodgers : RHP Juan Hurtado
Batting: RHB Brandon Perris 0-0: Ball
1-0: Ball
2-0: Fly out, F8 (Flyball, 8RD, EV 96.2 MPH)
Batting: RHB John Chiesa 0-0: Called Strike
0-1: Foul Ball, location: 2F
0-2: Ball
1-2: Strikes out swinging wild pitch, reaches first!
Batting: LHB Tim Fuller 0-0: Called Strike
John Chiesa is caught stealing 2nd base 2-6
0-1: Ball
1-1: Fly out, F7 (Line Drive, 78M, EV 97.5 MPH)
Top of the 5th over - 0 runs, 0 hits, 0 errors, 0 left on base; Pawtucket 1 - Oklahoma City 3
BOTTOM OF THE 5TH
Oklahoma City Dodgers batting - Pitching for Pawtucket Red Sox : RHP Adam Thomas
Batting: LHB Frank Mullen 0-0: Ball
1-0: Foul Ball, location: 2F
1-1: Called Strike
1-2: Ball
2-2: Ball
3-2: Ground out 4-3 (Groundball, 4, EV 91.9 MPH)
Batting: RHB Sam Saunders 0-0: Ball
1-0: Ball
2-0: Ball
3-0: Base on Balls
Batting: RHB Curt Earnest 0-0: Called Strike
0-1: Ball
Sam Saunders steals 2nd base
1-1: Ball
2-1: Foul Ball, location: 2F
2-2: Ground out U3 (Groundball, 3, EV 85.0 MPH)
Sam Saunders to third
Batting: SHB Shane Marcum 0-0: Foul Ball, location: 2F
0-1: Ball
1-1: Swinging Strike
1-2: Ball
2-2: Foul Ball, location: 2F
2-2: Strikes out looking
Bottom of the 5th over - 0 runs, 0 hits, 0 errors, 1 left on base; Pawtucket 1 - Oklahoma City 3
TOP OF THE 6TH
Pawtucket Red Sox batting - Pitching for Oklahoma City Dodgers : RHP Juan Hurtado
Batting: RHB Dan Friess 0-0: Ball
1-0: Foul Ball, location: 2F
1-1: Swinging Strike
1-2: Ball
2-2: Strikes out swinging
Batting: LHB Brian Gray 0-0: Ball
1-0: Ball
2-0: Ball
3-0: Called Strike
3-1: Base on Balls
Batting: LHB Jarrett Mordecai 0-0: Called Strike
0-1: Ball
1-1: Foul Ball, location: 2F
1-2: Ball
2-2: Strikes out swinging
Batting: SHB Willie Koviak 0-0: Swinging Strike
0-1: Ball
1-1: Ball
2-1: Ball
3-1: Base on Balls
Brian Gray to second
Batting: LHB John Bailey 0-0: Ball
1-0: Ball
2-0: Swinging Strike
2-1: Ball
3-1: Base on Balls
Brian Gray to third
Willie Koviak to second
Batting: SHB Ben Ervin 0-0: Called Strike
0-1: Fielders Choice at 2nd, 6-4 (Groundball, 56, EV 95.6 MPH)
Top of the 6th over - 0 runs, 0 hits, 0 errors, 3 left on base; Pawtucket 1 - Oklahoma City 3
BOTTOM OF THE 6TH
Oklahoma City Dodgers batting - Pitching for Pawtucket Red Sox : RHP Adam Thomas
Batting: LHB Tommy King 0-0: Ground out 5-3 (Groundball, 5, EV 91.9 MPH)
Batting: RHB Trevor Mock 0-0: Ball
1-0: Called Strike
1-1: Ball
2-1: Ground out 1-3 (Groundball, P, EV 75.6 MPH)
Batting: SHB Ken Welch 0-0: Foul Ball, location: 2F
0-1: Called Strike
0-2: Fly out, F4 (Popup, 13S, EV 78.1 MPH)
Bottom of the 6th over - 0 runs, 0 hits, 0 errors, 0 left on base; Pawtucket 1 - Oklahoma City 3
TOP OF THE 7TH
Pawtucket Red Sox batting - Pitching for Oklahoma City Dodgers : RHP Juan Hurtado
Batting: RHB Brandon Perris 0-0: Called Strike
0-1: Ball
1-1: SINGLE (Line Drive, 8LS, EV 101.9 MPH)
Pitching: RHP Jordan Arredondo
Batting: RHB John Chiesa 0-0: Bunted foul
0-1: Bunted foul
0-2: DOUBLE (Line Drive, 3D, EV 99.4 MPH)
Brandon Perris to third
Batting: LHB Tim Fuller 0-0: Called Strike
0-1: Ball
1-1: Swinging Strike
1-2: Foul Ball, location: 2F
1-2: Ground out 5-3 (Groundball, 56, EV 83.1 MPH)
Brandon Perris scores
Batting: RHB Dan Friess 0-0: Fly out, F6 (Line Drive, 6, EV 75.6 MPH)
Batting: LHB Brian Gray 0-0: Called Strike
0-1: Ball
1-1: Ball
2-1: Foul Ball, location: 2F
2-2: Ball
3-2: Fly out, F5 (Popup, 5F, EV 75.6 MPH)
Top of the 7th over - 1 run, 2 hits, 0 errors, 1 left on base; Pawtucket 2 - Oklahoma City 3
BOTTOM OF THE 7TH
Oklahoma City Dodgers batting - Pitching for Pawtucket Red Sox : RHP Adam Thomas
Batting: RHB John Manocchio 0-0: Ball
1-0: Ground out 5-3 (Groundball, 5, EV 100.0 MPH)
Pitching: RHP Danny Klomp
Batting: RHB Jeremy Giesler 0-0: SINGLE (Line Drive, 34, EV 95.0 MPH)
Batting: LHB Frank Mullen 0-0: Ball
1-0: Foul Ball, location: 2F
1-1: Ball
2-1: Fielders Choice at 2nd, 4-6 (Groundball, 4, EV 88.8 MPH)
Batting: RHB Sam Saunders 0-0: Ball
1-0: Swinging Strike
1-1: Called Strike
1-2: Ball
2-2: Fly out, F7 (Line Drive, 7LM, EV 107.5 MPH)
Bottom of the 7th over - 0 runs, 1 hit, 0 errors, 1 left on base; Pawtucket 2 - Oklahoma City 3
TOP OF THE 8TH
Pawtucket Red Sox batting - Pitching for Oklahoma City Dodgers : RHP Jordan Arredondo
Batting: LHB Jarrett Mordecai 0-0: Ball
1-0: Ball
2-0: Called Strike
2-1: Ball
3-1: Base on Balls
Batting: SHB Willie Koviak 0-0: Ball
1-0: Foul Ball, location: 2F
1-1: Ball
2-1: Fly out, F7 (Flyball, 78S, EV 91.9 MPH)
Batting: LHB John Bailey 0-0: Called Strike
0-1: Swinging Strike
0-2: Strikes out swinging
Batting: SHB Ben Ervin 0-0: Called Strike
0-1: Ball
1-1: Ball
2-1: Foul Ball, location: 2F
2-2: Strikes out swinging
Top of the 8th over - 0 runs, 0 hits, 0 errors, 1 left on base; Pawtucket 2 - Oklahoma City 3
BOTTOM OF THE 8TH
Oklahoma City Dodgers batting - Pitching for Pawtucket Red Sox : RHP Danny Klomp
Batting: RHB Curt Earnest 0-0: Fly out, F6 (Line Drive, 6, EV 74.4 MPH)
Batting: SHB Shane Marcum 0-0: Swinging Strike
0-1: Foul Ball, location: 2F
0-2: Foul Ball, location: 2F
0-2: Strikes out swinging
Batting: LHB Tommy King 0-0: Ball
1-0: Foul Ball, location: 2F
1-1: Foul Ball, location: 2F
1-2: Fly out, F8 (Flyball, 8RM, EV 79.4 MPH)
Bottom of the 8th over - 0 runs, 0 hits, 0 errors, 0 left on base; Pawtucket 2 - Oklahoma City 3
TOP OF THE 9TH
Pawtucket Red Sox batting - Pitching for Oklahoma City Dodgers : RHP Jordan Arredondo
Pitching: RHP Craig Fallon
Batting: RHB Brandon Perris 0-0: Called Strike
0-1: Ball
1-1: Ball
2-1: Called Strike
2-2: Ball
3-2: Foul Ball, location: 2F
3-2: Fly out, F9 (Line Drive, 9LM, EV 91.2 MPH)
Batting: RHB John Chiesa 0-0: Called Strike
0-1: Ball
1-1: Ball
2-1: Foul Ball, location: 2F
2-2: Ball
3-2: Base on Balls
Batting: LHB Tim Fuller 0-0: Ball
1-0: Foul Ball, location: 2F
1-1: Fly out, F7 (Flyball, 7, EV 84.4 MPH)
Batting: RHB Dan Friess 0-0: Ball
1-0: Ball
2-0: Called Strike
2-1: Ball
3-1: Called Strike
3-2: Base on Balls
John Chiesa to second
Batting: LHB Brian Gray 0-0: SINGLE (Groundball, 4M, EV 103.1 MPH) (infield hit)
John Chiesa to third
Dan Friess to second
Batting: LHB Jarrett Mordecai 0-0: Ball
1-0: Called Strike
1-1: Ball
2-1: Foul Ball, location: 2F
2-2: Foul Ball, location: 2F
2-2: Ground out 3-1 (Groundball, 34S, EV 89.4 MPH)
Top of the 9th over - 0 runs, 1 hit, 0 errors, 3 left on base; Pawtucket 2 - Oklahoma City 3
Tuesday, September 13th , 2022 - OOTP Baseball 23.7 Build 88